 Dungeon Crawl Stone Soup version bcrawl-1.12-11-gb93c957c58 (webtiles) character file.

Game seed: 9258787002624596009

57 MisterOstroum the Poker (level 4, -2/35 HPs)
             Began as a Merfolk Skald on June 24, 2019.
             Killed by divine providence
             ... invoked by an orc priest
              (16 damage)
             ... on level 2 of the Dungeon.
             The game lasted 00:04:52 (1940 turns).

MisterOstroum the Poker (Merfolk Skald)             Turns: 1940, Time: 00:04:53

Health: -2/35      AC:  3    Str: 11    XL:     4   Next: 0%
Magic:  1/7        EV: 12    Int: 12    God:
Gold:   97         SH:  0    Dex: 14    Spells: 1/7 levels left

rFire    . . .     SeeInvis .   a - +0 spear
rCold    . . .     Gourm    .   (no shield)
rNeg     . . .     Faith    .   b - +0 leather armour
rPois    .         Spirit   .   (no helmet)
rElec    .         Reflect  .   (no cloak)
rCorr    .         Harm     .   (no gloves)
MR       .....                  (no boots)
Stlth    +.........             (no amulet)
HPRegen  0.11/turn              (no ring)
MPRegen  0.10/turn              (no ring)

@: lethally poisoned (-2 -> -11), infused (expiring), very slightly contaminated
A: change form in water, swift swim, stealthy swim
a: no special abilities


You were on level 2 of the Dungeon.
You were hungry.

You visited 1 branch of the dungeon, and saw 2 of its levels.

You collected 97 gold pieces.

Inventory:

Hand Weapons
 a - a +0 spear (weapon)
Missiles
 c - 886 stones (quivered)
Armour
 b - a +0 leather armour (worn)
Scrolls
 d - a scroll of fear {!r}
 h - 3 scrolls of identify {unknown}
 i - a scroll of blinking {unknown}
Potions
 f - a potion of curing {unknown}
 g - a potion of berserk rage {unknown}
Comestibles
 e - 2 rations {!d}


   Skills:
 * Level 3.3 Fighting
 * Level 4.5 Polearms
 - Level 0.6 Armour
 - Level 2.6 Dodging
 - Level 2.0 Spellcasting
 + Level 3.7 Charms


You had one spell level left.
You knew the following spells:

 Your Spells              Type           Power        Failure   Level  Hunger
a - Infusion              Chrm           ##......     8%          1    ##.....
b - Song of Slaying       Chrm           ##......     12%         2    ###....
c - Spectral Weapon       Hex/Chrm       #.......     45%         3    ####...

Your spell library contained the following spells:

 Spells                   Type           Power        Failure   Level  Hunger
 Ozocubu's Armour         Chrm/Ice       #.......     45%         3    ####...
 Regeneration             Chrm/Necr      #.........   45%         3    ####...


Dungeon Overview and Level Annotations

Branches:
Dungeon (2/12)

Altars:


Message History

The iguana is heavily wounded.
Your spectral weapon hits the iguana but does no damage.
The iguana completely misses you.
You completely miss the iguana.
The iguana is heavily wounded.
Your spectral weapon hits the iguana from afar.
The iguana barely misses you.
You closely miss the iguana.
The iguana is severely wounded.
Your spectral weapon barely misses the iguana.
The iguana bites you.
You hit the iguana.
The iguana is almost dead.
Your spectral weapon hits the iguana but does no damage.
The iguana bites you!
You hit the iguana but do no damage.
The iguana is almost dead.
Your magical infusion is running out.
Your spectral weapon hits the iguana from afar!
You kill the iguana!
There is an open door, spattered with blood here.
You see here an iguana corpse.
You butcher the iguana corpse.
j - 4 chunks of flesh (gained 3)
There is an open door, spattered with blood here.
You see here an iguana skeleton.
You swap places.
Something is blocking the doorway!
You are no longer magically infusing your attacks.
Your spectral weapon fades away.
Some of the chunks of flesh in your inventory have rotted away.
HP restored.
You open the door.
There is an open door here.
c - 886 stones (gained 156)
An orc wizard comes into view. It is wielding a +1 dagger of venom.
The orc wizard is too close now for your liking.
The orc wizard shouts!
You hear an angry hiss.
A leopard gecko comes into view.
An orc comes into view.
An orc priest comes into view.
It is wielding a +0 trident of freezing.
The orc priest shouts!
The orc shouts!
Casting: Infusion (safe; 8% risk of failure)
Confirm with . or Enter, or press ? or * to list all spells.
Okay, then.
All of the chunks of flesh in your inventory have rotted away.
The orc wizard casts a spell.
The orc wizard seems to speed up.
The orc wizard gestures wildly while chanting.
The orc wizard blinks!
The leopard gecko hisses menacingly.
Casting: Infusion (safe; 8% risk of failure)
Confirm with . or Enter, or press ? or * to list all spells.
You begin infusing your attacks with magical energy.
Attack whom?
Press: ? - help, Dir - move target cursor, f - leopard gecko
Aim: a leopard gecko (clinging)
You reach to attack!
You hit the leopard gecko.
The leopard gecko is severely wounded.
Casting: Infusion (safe; 8% risk of failure)
Confirm with . or Enter, or press ? or * to list all spells.
You miscast Spectral Weapon.
You are very lightly contaminated with residual magic.
Your skin glows momentarily.
You are feeling hungry.
The leopard gecko bites you. The leopard gecko barely misses you.
You hit the leopard gecko.
You kill the leopard gecko!
You have reached level 4!
Attack whom?
Press: ? - help, Dir - move target cursor, f - orc
Aim: an orc, wearing a +0 chain mail You reach to attack!
You hit the orc but do no damage.
Attack whom?
Press: ? - help, Dir - move target cursor, f/p - orc
Aim: an orc, wearing a +0 chain mail You reach to attack!
You hit the orc but do no damage.
Attack whom?
Press: ? - help, Dir - move target cursor, f - orc priest, p - orc
Aim: an orc priest, wielding a +0 trident of freezing You reach to attack!
You hit the orc priest but do no damage.
The orc hits you.
The orc priest hits you from afar with a +0 trident of freezing.
The orc priest freezes you.
You barely miss the orc. The orc priest closely misses you.
You closely miss the orc wizard.
Your magical infusion is running out.
The orc priest hits you from afar with a +0 trident of freezing.
The orc priest freezes you.
You barely miss the orc wizard.
The orc wizard hits you but does no damage.
You are poisoned.
The orc wizard casts a spell at you. The magic dart hits you!
You hit the orc wizard.
The orc wizard is moderately wounded.
You feel sick. The orc wizard closely misses you.
The orc priest invokes the aid of Beogh against you.
Beogh smites you!
You die...

####. #(##. #######.##.
#.......##. #.#####.##.
#.#...#.##. #.#.#'#....
#################.#....###รท
........oo@.......'....+...
........o########.#....####
##...###..# #####.#....# #..
##.# #.....#.#'## #
#l###.#####.#.# #..##.#
#.#.# ##.##.# #.#.# #o##.#
#.#.# #.o#.#####.#.#


You could see an orc priest, an orc wizard and an orc.

Vanquished Creatures
  An iguana (D:2)
  2 worms (D:2)
  2 leopard geckos
  A ball python (D:2)
  2 goblins
  2 hobgoblins (D:1)
  2 jackals (D:2)
  6 kobolds (D:1)
  A quokka (D:1)
  2 bats (D:1)
  5 rats
26 creatures vanquished.

Vanquished Creatures (others)
  A plant (D:1)
1 creature vanquished.

Grand Total: 27 creatures vanquished

Notes
Turn   | Place    | Note
-------+----------+-------------------------------------------
     0 | D:1      | MisterOstroum the Merfolk Skald began the quest for the
                  | Orb.
     0 | D:1      | Reached XP level 1. HP: 16/16 MP: 3/3
   317 | D:1      | Reached XP level 2. HP: 20/23 MP: 5/5
   381 | D:1      | Learned a level 2 spell: Song of Slaying
  1346 | D:2      | Reached XP level 3. HP: 16/28 MP: 0/6
  1347 | D:2      | Reached skill level 4 in Polearms
  1513 | D:2      | Learned a level 3 spell: Spectral Weapon
  1932 | D:2      | Reached XP level 4. HP: 33/35 MP: 0/7
  1940 | D:2      | Killed from afar by an orc priest

Skill      XL: |  1  2  3 |
---------------+----------+-----
Polearms       | 4 |  4.5
Fighting       | 3 |  3.3
Armour         | |  0.6
Dodging        | |  2.6
Spellcasting   | |  2.0
Charms         | |  3.7

Action                   |  1- 3 |  4- 6 || total
-------------------------+-------+-------++-------
Melee: Spear             |   150 |     7 ||   157
Throw: Stone             |     8 |       ||     8
 Cast: Infusion          |     7 |       ||     7
       Song of Slaying   |     2 |       ||     2
       Spectral Weapon   |     1 |       ||     1
 Stab: Sleeping          |     1 |       ||     1
  Eat: Ration            |     1 |       ||     1
Armor: Leather armour    |    14 |       ||    14
Dodge: Dodged            |    47 |     2 ||    49
